 Dungeon Crawl Stone Soup version 0.24-a0-769-g368c1644f8 (webtiles) character file.

Game seed: 9480116575808084098, levelgen mode: deterministic

144 Masnef the Cudgeler (level 5, -8/32 HPs)
             Began as a Kobold Fighter on Oct 4, 2019.
             Mangled by a wyvern skeleton (12 damage)
             ... on level 3 of the Dungeon.
             The game lasted 00:03:19 (2381 turns).

Masnef the Cudgeler (Kobold Fighter)                Turns: 2381, Time: 00:03:20

Health: -8/32      AC:  6    Str: 14    XL:     5   Next: 51%
Magic:  5/5        EV:  8    Int:  9    God:
Gold:   144        SH:  9    Dex: 15    Spells: 4/4 levels left

rFire    . . .     SeeInvis .   a - +0 flail
rCold    . . .     Gourm    .   c - +0 shield
rNeg     . . .     Faith    .   b - +0 scale mail
rPois    .         Spirit   .   (no helmet)
rElec    .         Reflect  .   (no cloak)
rCorr    .         Harm     .   (no gloves)
MR       .....                  (no boots)
Stlth    ..........             (no amulet)
HPRegen  0.10/turn              (no ring)
MPRegen  0.09/turn              (no ring)

@: no status effects
A: small, carnivore
a: no special abilities


You were on level 3 of the Dungeon.
You were completely stuffed.

You visited 1 branch of the dungeon, and saw 3 of its levels.

You collected 144 gold pieces.

Inventory:

Hand Weapons
 a - a +0 flail (weapon)
 q - a +0 mace of protection
Missiles
 i - a throwing net (quivered)
Armour
 b - a +0 scale mail (worn)
 c - a +0 shield (worn)
Scrolls
 j - 2 scrolls of fear {unknown}
 k - 2 scrolls of noise {unknown}
 l - 2 scrolls of remove curse {unknown}
 m - 2 scrolls of enchant weapon {unknown}
 o - 2 scrolls of teleportation {unknown}
 p - a scroll of random uselessness {unknown}
 r - 2 scrolls of enchant armour {unknown}
 s - 5 scrolls of identify {unknown}
 u - a scroll of amnesia {unknown}
Potions
 d - a potion of might
 e - 4 potions of lignification {unknown}
 g - a potion of cancellation {unknown}
 h - 3 potions of brilliance {unknown}
 n - 3 potions of curing {unknown}
Comestibles
 f - 4 rations
 t - a chunk of flesh


   Skills:
 - Level 3.2 Fighting
 + Level 4.8 Maces & Flails
 - Level 2.4 Armour
 - Level 2.4 Shields


You had 4 spell levels left.
You didn't know any spells.
Your spell library was empty.

Dungeon Overview and Level Annotations

Branches:
Dungeon (3/15)

Altars:
Uskayaw
Vehumet


Innate Abilities, Weirdness & Mutations

You are small and have problems with some larger weapons.
You are carnivorous and can eat meat at any time.


Message History

The wyvern skeleton bites you but does no damage.
You block the wyvern skeleton's attack.
Your shield and scale mail prevent you from hitting the wyvern skeleton.
The wyvern skeleton is heavily damaged.
The wyvern skeleton closely misses you.
The wyvern skeleton bites you but does no damage.
You hit the wyvern skeleton.
The wyvern skeleton is heavily damaged.
The wyvern skeleton bites you.
You hit the wyvern skeleton.
The wyvern skeleton is severely damaged.
The wyvern skeleton closely misses you. x2
Your scale mail prevents you from hitting the wyvern skeleton.
The wyvern skeleton is severely damaged.
The wyvern skeleton bites you!
* * * LOW HITPOINT WARNING * * *
You hit the wyvern skeleton.
The wyvern skeleton is severely damaged.
The wyvern skeleton bites you!
You die...

#### #.# ##.###.#
#. #.#.##.######.
...#.#.##.. ..
#...##.##.# #.
#..##...#.####.###
#..#.###..##.....#
#...##
##.##.....### #...#
#.##...Z@..# ##..#
##.##.....#.#
#.#.###.###.....#.#
#.##....#########.#
#.####...########.#
#.................#
######......#######
............#######
#######............


You could see a wyvern skeleton.

Vanquished Creatures
  A jelly (D:3)
  4 adders
  An ooze (D:2)
  An adder skeleton (D:2)
  A worm (D:3)
  4 giant cockroaches
  5 goblins
  3 hobgoblins
  2 jackals (D:1)
  A quokka (D:3)
  A ball python (D:1)
  6 bats
  4 kobolds
  6 rats
40 creatures vanquished.

Vanquished Creatures (others)
  An ogre (D:2)
  An ooze (D:2)
  A kobold (D:2)
3 creatures vanquished.

Grand Total: 43 creatures vanquished

Notes
Turn   | Place    | Note
-------+----------+-------------------------------------------
     0 | D:1      | Masnef the Kobold Fighter began the quest for the Orb.
     0 | D:1      | Reached XP level 1. HP: 14/14 MP: 1/1
    57 | D:1      | Reached skill level 2 in Maces & Flails
   303 | D:1      | Reached XP level 2. HP: 19/19 MP: 2/2
   738 | D:2      | Reached skill level 3 in Maces & Flails
   738 | D:2      | Reached XP level 3. HP: 18/23 MP: 3/3
   888 | D:2      | Noticed an ogre
   946 | D:2      | Found a radiant altar of Vehumet.
  1159 | D:2      | Killed an ogre
  1159 | D:2      | Reached XP level 4. HP: 28/28 MP: 4/4
  1194 | D:2      | Reached skill level 4 in Maces & Flails
  1723 | D:3      | Found a hide-covered altar of Uskayaw.
  1864 | D:3      | Reached XP level 5. HP: 32/32 MP: 5/5
  2381 | D:3      | Mangled by a wyvern skeleton

Levels and vault maps discovered:
D:1:      doesnt_arrival_eight_statues, layout_basic, minmay_pentomino_z4
D:2:      layout_rooms, fiery_altar_vehumet
D:3:      layout_loops_ring, nicolae_overflow_hidden_temple, first_ration

Skill      XL: |  1  2  3  4 |
---------------+-------------+-----
Maces & Flails | 2 3 4 |  4.8
Fighting       | |  3.2
Armour         | |  2.4
Shields        | |  2.4

Action                   |  1- 3 |  4- 6 || total
-------------------------+-------+-------++-------
Melee: Flail             |    62 |    14 ||    76
       Mace              |    13 |    92 ||   105
  Eat: Chunk             |     3 |    10 ||    13
Armor: Scale mail        |    34 |    40 ||    74
Dodge: Dodged            |    29 |    26 ||    55
Block: Shield            |    40 |    41 ||    81

Table legend:
 A = Non-vault XP
 B = Vault XP
 C = Vault XP percentage of total XP
 D = Non-vault monster count
 E = Vault monster count
 F = Vault count percentage of total count
                 A         B        C        D         E       F
            +---------+---------+-------+---------+---------+-------
      Total |     204 |       2 |   1.0 |      39 |       2 |   4.9
            +---------+---------+-------+---------+---------+-------
        D:1 |      14 |       2 |  12.5 |       8 |       2 |  20.0
        D:2 |      95 |       0 |   0.0 |      15 |       0 |   0.0
        D:3 |      95 |       0 |   0.0 |      16 |       0 |   0.0
            +---------+---------+-------+---------+---------+-------
